 Dungeon Crawl Stone Soup version 0.22-a0-281-g2e20325899 (webtiles) character file.

4442 Manul the Unseen (level 10, -2/62 (64) HPs)
             Began as an Octopode Assassin on Mar 17, 2018.
             Slain by a gnoll
             ... wielding a +0 spear
              (10 damage)
             ... on level 9 of the Dungeon.
             The game lasted 00:08:25 (7203 turns).

Manul the Unseen (Octopode Assassin)                Turns: 7203, Time: 00:08:27

HP:   -2/62 (64)    AC:  1    Str: 10    XL:     10   Next: 37%
MP:   10/10         EV: 16    Int: 14    God:
Gold: 329           SH: 10    Dex: 22    Spells: 9/9 levels left

rFire    . . .     SeeInvis +   x - +3 dagger of the Silent Majority {chaos, Dex+5}
rCold    . . .     Gourm    .   o - +0 buckler
rNeg     + . .     Faith    .   (helmet restricted)
rPois    .         Spirit   .   d - +5 amulet of reflection
rElec    .         Reflect  +   n - ring of flight
rCorr    .         Harm     .   m - ring of see invisible
MR       .....                  h - ring of positive energy
Stlth    ++++++++..             (no ring)
HPRegen  0.20/turn              (no ring)
MPRegen  0.12/turn              (no ring)
                                (no ring)
                                (no ring)

@: no status effects
A: almost no armour, stealthy swim, amphibious, 8 rings, constrict 8, camouflage
1, gelatinous body 1
a: Evoke Flight


You were on level 9 of the Dungeon.
You were not hungry.

You visited 1 branch of the dungeon, and saw 9 of its levels.

You collected 329 gold pieces.

Inventory:

Hand Weapons
 a - a +2 dagger
 b - a +0 blowgun
 u - a +2 dire flail of draining
 x - the +3 dagger of the Silent Majority (weapon) {chaos, Dex+5}
   (You found it on level 4 of the Dungeon)

   Each time it hits an enemy it has a different, random effect.
   It affects your dexterity (+5).
 y - a +0 rapier
 B - the +5 spear of Ylocueps {freeze, MR+ Str+4, unknown}
   (You found it on level 6 of the Dungeon)

   It has been specially enchanted to freeze those struck by it, causing extra
   injury to most foes and up to half again as much damage against particularly
   susceptible opponents.
   It can also slow down cold-blooded creatures.
   It affects your strength (+4).
   It affects your resistance to hostile enchantments.
Missiles
 c - 42 poisoned needles
 H - 2 curare-tipped needles
Armour
 o - a +0 buckler (worn)
Jewellery
 d - a +5 amulet of reflection (around mantle)
 h - a ring of positive energy (on tentacle)
 m - a ring of see invisible (right tentacle)
 n - a ring of flight (left tentacle)
Wands
 e - a wand of random effects (26)
 w - a wand of paralysis (10)
Scrolls
 g - a scroll of fog {unknown}
 i - 2 scrolls of identify
 j - a scroll of magic mapping {unknown}
 k - 2 scrolls of teleportation {unknown}
 l - 5 scrolls of remove curse
 p - 2 scrolls of fear
 q - a scroll of blinking {unknown}
 r - 3 scrolls of enchant weapon
 s - a scroll of random uselessness {unknown}
 C - a scroll of enchant armour {unknown}
 D - a scroll of amnesia {unknown}
Potions
 t - a potion of mutation
 v - 2 potions of curing {unknown}
 z - a potion of lignification
 A - 3 potions of haste {unknown}
 E - a potion of flight
 F - 2 potions of might
 G - a potion of brilliance
 I - a potion of heal wounds {unknown}
Comestibles
 f - 13 rations
 J - 5 chunks of flesh


   Skills:
 + Level 4.2 Fighting
 + Level 6.2 Short Blades
 + Level 3.5 Throwing
 + Level 4.0 Dodging
 * Level 16.1 Stealth
 + Level 2.4 Shields
 + Level 0.9 Evocations


You had 9 spell levels left.
You didn't know any spells.

Dungeon Overview and Level Annotations

Branches:
Dungeon (9/15)
 Temple: D:4-7         Lair: D:8-11         Orc: D:9-12

Altars:
Ashenzari
Elyvilon
Hepliaklqana
Kikubaaqudgha
Trog
Vehumet

Annotations:
D:3 brujo666's ghost, amateur TeHu
D:7 Manul's ghost, novice DsMo


Innate Abilities, Weirdness & Mutations

You cannot wear most types of armour.
You are very stealthy in the water. (Stealth+)
You are amphibious.
You can wear up to eight rings at the same time.
You can use your tentacles to constrict eight enemies at once.
Your skin changes colour to match your surroundings (Stealth+).
Your rubbery body absorbs attacks. (AC +1, EV +1)


Message History

You are too injured to fight recklessly!
You are too injured to fight recklessly!
You are too injured to fight recklessly!
You are too injured to fight recklessly!
The gnoll misses you.
The gnoll sergeant hits you with a spear of piercing.
The gnoll completely misses you.
Items here: ( )) † a club; a whip; 3 throwing nets; a gnoll corpse You hit the gnoll.
The gnoll twitches.
Your grab misses the gnoll. You squeeze the gnoll.
The gnoll is heavily wounded.
The gnoll closely misses you.
You barely miss the gnoll. You grab the gnoll.
The gnoll is heavily wounded.
You constrict the gnoll.
The gnoll sergeant hits you with a spear of piercing!
* * * LOW HITPOINT WARNING * * *
x2 The gnoll hits you with a spear!
You die...

######### #..........#
#.########.# #.# #.# #.#
######.####### #.#
#.......)....# .
#.###.####.#####.#
#.####..........#####.##
#....).......###@g5g....
##########...# #g####.##
#..## #g# #..# #.# #..#
#.# .. #..# #.# .. #..#
#.# ... #(.# #.. ...
#####..#


You could see a gnoll sergeant, a quasit and 3 gnolls.

Vanquished Creatures
  2 two-headed ogres (D:8)
  Eustachio (D:5)
  A wyvern (D:8)
  2 hungry ghosts
  Menkaure (D:4)
  Edmund (D:4)
  A black bear (D:8)
  An ice beast (D:5)
  A phantom (D:9)
  4 ogres
  A centaur (D:9)
  A necrophage (D:8)
  3 bullfrogs
  Blork the orc (D:5)
  3 scorpions
  3 howler monkeys (D:8)
  5 jellies
  A bullfrog zombie (D:5)
  5 orc priests
  2 centaur skeletons
  3 hounds
  3 orc wizards
  Jessica (D:2)
  Terence (D:2)
  2 iguanas
  2 worker ants
  Natasha (thrice) (D:2)
  A worker ant zombie (D:8)
  2 gnolls (D:9)
  14 adders
  A shadow imp (D:6)
  6 oozes
  An adder zombie (D:9)
  An adder skeleton (D:4)
  A worm (D:2)
  4 dart slugs
  5 leopard geckos
  20 orcs
  10 giant cockroaches
  8 hobgoblins
  2 jackals (D:5)
  6 quokkas
  8 bats
  5 frilled lizards
  4 goblins
  7 kobolds
  2 rats (D:2)
163 creatures vanquished.

Vanquished Creatures (others)
  29 fungi (D:8)
  7 plants (D:8)
36 creatures vanquished.

Grand Total: 199 creatures vanquished

Notes
Turn   | Place    | Note
-------+----------+-------------------------------------------
     0 | D:1      | Manul the Octopode Assassin began the quest for the Orb.
     0 | D:1      | Reached XP level 1. HP: 14/14 MP: 1/1
    65 | D:1      | Reached XP level 2. HP: 13/19 MP: 2/2
    91 | D:1      | Reached skill level 6 in Stealth
   957 | D:2      | Reached XP level 3. HP: 24/24 MP: 3/3
  1163 | D:2      | Noticed Jessica
  1168 | D:2      | Killed Jessica
  1168 | D:2      | Reached skill level 7 in Stealth
  1174 | D:2      | Reached XP level 4. HP: 16/29 MP: 4/4
  1608 | D:2      | Noticed Terence
  1617 | D:2      | Killed Terence
  1652 | D:2      | Found a white marble altar of Elyvilon.
  1655 | D:2      | Found a radiant altar of Vehumet.
  1656 | D:2      | Found an ancient bone altar of Kikubaaqudgha.
  1752 | D:2      | Noticed Natasha
  1759 | D:2      | Killed Natasha
  1759 | D:2      | Reached skill level 8 in Stealth
  1759 | D:2      | Reached XP level 5. HP: 30/34 MP: 5/5
  2083 | D:2      | Noticed Natasha
  2098 | D:2      | Killed Natasha
  2104 | D:2      | Noticed Natasha
  2109 | D:2      | Killed Natasha
  2411 | D:3      | Noticed brujo666's ghost (amateur TeHu)
  2834 | D:3      | Reached XP level 6. HP: 36/41 MP: 6/6
  3063 | D:3      | Reached skill level 9 in Stealth
  3487 | D:4      | Found the +0 Maxwell's etheric cage {RegenMP+ *Contam rElec MP+4}
  3511 | D:4      | Reached XP level 7. HP: 32/45 MP: 7/7
  3543 | D:4      | Noticed Menkaure
  3545 | D:4      | Killed Menkaure
  3545 | D:4      | Reached skill level 1 in Shields
  3599 | D:4      | Noticed Edmund
  3617 | D:4      | Killed Edmund
  3617 | D:4      | Reached skill level 10 in Stealth
  3776 | D:4      | Gained mutation: You are clumsy. (Dex -2) [potion of mutation]
  3776 | D:4      | Lost mutation: You are clumsy. (Dex -2) [potion of mutation]
  4380 | D:4      | Got an encrusted dagger
  4381 | D:4      | Identified the +3 dagger of the Silent Majority {chaos, Dex+5} (You found it on level 4 of the Dungeon)
  4462 | D:5      | Entered Level 5 of the Dungeon
  4506 | D:5      | Reached XP level 8. HP: 52/52 MP: 8/8
  4513 | D:5      | Found a hazy altar of Hepliaklqana.
  4526 | D:5      | Noticed Eustachio
  4537 | D:5      | Killed Eustachio
  4537 | D:5      | Reached skill level 11 in Stealth
  4543 | D:5      | Noticed Blork the orc
  4555 | D:5      | Killed Blork the orc
  5207 | D:6      | Reached skill level 5 in Short Blades
  5213 | D:6      | Reached skill level 12 in Stealth
  5229 | D:6      | Found a shattered altar of Ashenzari.
  5322 | D:6      | Reached XP level 9. HP: 53/58 MP: 9/9
  5723 | D:6      | Got a twisted spear
  5962 | D:7      | Found a bloodstained altar of Trog.
  6036 | D:7      | Noticed Manul's ghost (novice DsMo)
  6053 | D:7      | Reached skill level 13 in Stealth
  6220 | D:8      | Noticed a two-headed ogre
  6241 | D:8      | Killed a two-headed ogre
  6241 | D:8      | Reached skill level 14 in Stealth
  6497 | D:8      | Reached skill level 15 in Stealth
  6565 | D:8      | Reached XP level 10. HP: 56/63 MP: 10/10
  6587 | D:8      | Noticed a two-headed ogre
  6612 | D:8      | Killed a two-headed ogre
  7127 | D:9      | Reached skill level 16 in Stealth
  7203 | D:9      | Slain by a gnoll

Vault maps used:
D:1:      dpeg_arrival_boxes_within_box
D:2:      minitemple, uniq_terence, uniq_jessica, uniq_natasha
D:3:      first_ration
D:4:      uniq_edmund, uniq_menkaure
D:5:      kennysheep_mini_moat, roderic_roman_lattice, uniq_blork_the_orc,
          uniq_eustachio
D:6:      basic_altar
D:7:      lemuel_crystal_altar, marbit_many_paths,
          amethyst_overflow_temple_binary, lemuel_temple_firewalk_b
D:8:      slow_altar_1, due_lair_maze_entry_diamond,
          hangedman_little_slice_of_home
D:9:      nicolae_overflow_crystal_walls

Skill      XL: |  1  2  3  4  5  6  7  8  9 10 |
---------------+-------------------------------+-----
Stealth        | 6 7 8 9 10 12 15 16 | 16.1
Short Blades   | 3 4 5 6 |  6.2
Fighting       | 3 4 |  4.2
Dodging        | 2 3 4 |  4.0
Shields        | 1 2 |  2.4
Throwing       | 3 |  3.5
Evocations     | |  0.9

Action                   |  1- 3 |  4- 6 |  7- 9 | 10-12 || total
-------------------------+-------+-------+-------+-------++-------
Melee: Dagger            |    40 |   147 |   166 |    53 ||   406
       Constrict         |     7 |    26 |    32 |     6 ||    71
       Tentacles         |     6 |    25 |    42 |    11 ||    84
 Fire: Blowgun           |       |       |    10 |       ||    10
Throw: Throwing net      |       |       |     1 |       ||     1
Evoke: Wand              |       |       |     3 |     2 ||     5
  Use: Potion            |       |     5 |     1 |       ||     6
       Scroll            |       |     2 |     4 |     1 ||     7
 Stab: Sleeping          |    10 |    11 |    32 |     4 ||    57
       Confused          |       |       |     1 |       ||     1
       Distracted        |       |       |     2 |       ||     2
       Paralysed         |       |       |     1 |     1 ||     2
       Petrifying        |       |       |     1 |       ||     1
  Eat: Chunk             |     1 |     6 |     8 |     2 ||    17
       Ration            |       |       |     1 |       ||     1
Armor: Skin              |     1 |    21 |     4 |       ||    26
Dodge: Dodged            |    16 |    53 |    60 |    20 ||   149
Block: Buckler           |       |    16 |    24 |    19 ||    59

Table legend:
 A = Spawn XP
 B = Non-spawn XP
 C = Spawn XP percentage of total XP
 D = Spawn monster count
 E = Non-spawn monster count
 F = Spawn count percentage of total count
 G = Total turns spent on level
                    A         B        C        D         E        F      G
               +---------+---------+-------+---------+---------+-------+---------
         Total |       0 |    6347 |   0.0 |       0 |     163 |   0.0 |  7203
               +---------+---------+-------+---------+---------+-------+---------
           D:1 |       0 |      32 |   0.0 |       0 |      15 |   0.0 |   954
           D:2 |       0 |     227 |   0.0 |       0 |      26 |   0.0 |  1410
           D:3 |       0 |     198 |   0.0 |       0 |      29 |   0.0 |  1191
           D:4 |       0 |     739 |   0.0 |       0 |      12 |   0.0 |   907
           D:5 |       0 |     791 |   0.0 |       0 |      27 |   0.0 |   643
           D:6 |       0 |     566 |   0.0 |       0 |      15 |   0.0 |   818
           D:7 |       0 |     175 |   0.0 |       0 |       8 |   0.0 |   135
           D:8 |       0 |    2982 |   0.0 |       0 |      20 |   0.0 |   926
           D:9 |       0 |     637 |   0.0 |       0 |      11 |   0.0 |   219
               +---------+---------+-------+---------+---------+-------+---------
